DETROIT Red Wings vs WINNIPEG Jets

Created - 11 janvier 2019 at 15:55

Goals
1 2 3 T
DETROIT Red Wings 3 2 0 5
WINNIPEG Jets 1 1 0 2
Shots
1 2 3 T
DETROIT Red Wings 10 11 13 34
WINNIPEG Jets 6 13 10 29

1st period

1. WINNIPEG Jets , Jordan Martinook 6 (Riley Nash 12, Neal Pionk 5) at 2:12
2. DETROIT Red Wings , Alexander Wennberg 7 (Ryan O'Reilly 19, Carl Gunnarsson 8) at 4:03
3. DETROIT Red Wings , Evgeny Kuznetsov 11 (T.J. Oshie 20, Sidney Crosby 29) at 13:47 (PP)
4. DETROIT Red Wings , Erik Karlsson 12 (Evgeny Kuznetsov 22, Sidney Crosby 30) at 16:41 (PP)

Penalties :
Robby Fabbri (WPG) for Hooking (Minor) at 12:34, Rasmus Ristolainen (WPG) for Roughing (Minor) at 16:26

2nd period

5. WINNIPEG Jets , Hampus Lindholm 8 (Max Pacioretty 17, Rasmus Ristolainen 29) at 0:42
6. DETROIT Red Wings , Brian Gibbons 3 (Pierre-Edouard Bellemare 3, Derek MacKenzie 2) at 3:21
7. DETROIT Red Wings , T.J. Oshie 17 (Sidney Crosby 31) at 9:12 (PP)

Penalties :
T.J. Oshie (DET) for Interference (Minor) at 3:25, Marco Scandella (WPG) for Hooking (Minor) at 9:06, Alexander Wennberg (DET) for Interference (Minor) at 9:13, Rasmus Ristolainen (WPG) for Hooking (Minor) at 12:50, T.J. Oshie (DET) for Goalie Interference (Minor) at 19:08

3rd period

No Goal

Penalties :
Rasmus Ristolainen (WPG) for Hooking (Minor) at 2:18, Marco Scandella (WPG) for Interference (Minor) at 5:22, Petr Mrazek (WPG) for Slashing (Minor) at 12:31 - Jordan Martinook served the penalty.

Goalie Stats

Carey Price (DET), 27 saves from 29 shots - (0,931), W, 22-14-4, 60:00 minutes
Petr Mrazek (WPG), 18 saves from 18 shots - (1,000), 30:48 minutes
Matt Murray (WPG), 11 saves from 16 shots - (0,688), L, 19-17-2, 29:12 minutes

Players Stats for DETROIT Red Wings

Player Name              G  A  P  +/- PIM S  H  SB GA TA FO     MP     PP MP  PK MP  
------------------------------------------------------------------------------------
Alexander Wennberg       1  0  1   0  2   6  0  1  0  0  0/0    16:37   4:20   0:00 
Brian Gibbons            1  0  1   1  0   1  0  0  0  0  1/1     6:00   0:00   0:00 
Cam Fowler               0  0  0  -1  0   1  0  1  0  0  0/0    24:28   5:10   2:58 
Carl Gunnarsson          0  1  1   1  0   1  1  2  0  0  0/0    15:31   0:00   2:59 
Derek MacKenzie          0  1  1   1  0   0  0  0  0  0  2/5     7:33   0:00   1:33 
Erik Karlsson            1  0  1   0  0   2  3  0  0  0  0/0    23:47   5:10   0:00 
Evander Kane             0  0  0   0  0   1  4  0  0  0  1/2    16:38   4:20   0:00 
Evgeny Kuznetsov         1  1  2  -1  0   4  2  0  0  0  0/0    20:46   5:10   0:00 
Jan Rutta                0  0  0   1  0   1  1  2  0  0  0/0    15:31   0:00   2:59 
Jeff Petry               0  0  0   0  0   0  2  0  0  0  0/0    22:59   4:20   2:58 
Lars Eller               0  0  0   0  0   0  0  0  0  0  6/14   12:12   0:00   1:33 
Micheal Ferland          0  0  0   0  0   2  0  0  0  0  0/0    10:39   0:00   0:00 
Pierre-Edouard Bellemare 0  1  1   1  0   1  0  0  0  0  1/2     6:00   0:00   0:00 
Ryan O'Reilly            0  1  1   0  0   3  2  0  0  0  18/33  21:02   4:20   4:24 
Shayne Gostisbehere      0  0  0  -1  0   0  2  1  0  0  0/0    17:44   4:20   0:00 
Sidney Crosby            0  3  3  -1  0   5  0  0  0  0  9/27   20:46   5:10   0:00 
T.J. Oshie               1  1  2  -1  4   4  2  0  0  0  1/2    20:44   5:10   0:00 
Zach Hyman               0  0  0   0  0   2  0  0  0  0  0/1    15:03   0:00   4:24 

Players Stats for WINNIPEG Jets

Player Name              G  A  P  +/- PIM S  H  SB GA TA FO     MP     PP MP  PK MP  
------------------------------------------------------------------------------------
Andreas Martinsen        0  0  0   0  0   0  1  0  0  0  6/8     9:37   0:00   0:00 
Andy Andreoff            0  0  0   0  0   0  1  0  0  0  0/1    10:03   0:00   0:26 
Derick Brassard          0  0  0  -1  0   1  1  0  0  0  6/13   16:05   3:24   2:37 
Dmitry Orlov             0  0  0  -1  0   0  1  1  0  0  0/0    20:34   3:08   3:55 
Hampus Lindholm          1  0  1   1  0   1  0  1  0  0  0/0    24:00   2:49   5:20 
Jordan Martinook         1  0  1  -1  0   2  2  1  0  0  0/0    12:32   2:28   0:00 
Logan Couture            0  0  0   1  0   5  0  0  0  0  5/7    21:01   3:29   6:27 
Marco Scandella          0  0  0  -1  4   0  1  8  0  0  0/0    19:56   3:08   3:19 
Max Pacioretty           0  1  1   1  0   1  0  0  0  0  11/20  20:42   0:00   0:00 
Nathan Beaulieu          0  0  0   0  0   0  1  0  0  0  0/0     3:56   0:00   0:23 
Neal Pionk               0  1  1   0  0   0  0  3  0  0  0/0    14:14   0:00   2:36 
Nino Niederreiter        0  0  0   1  0   4  1  0  0  0  5/12   21:01   3:29   6:27 
Rasmus Ristolainen       0  1  1   1  6   2  3  1  0  0  0/0    25:33   2:49   3:23 
Riley Nash               0  1  1  -1  0   1  0  0  0  0  0/1    12:32   2:28   0:00 
Robby Fabbri             0  0  0   0  2   3  2  0  0  0  1/1    13:51   0:05   0:00 
Ryan Johansen            0  0  0   0  0   6  0  0  0  0  14/22  18:52   2:28   2:37 
Sonny Milano             0  0  0   0  0   1  0  0  0  0  0/2    14:13   0:00   0:26 
Steven Santini           0  0  0   0  0   2  1  2  0  0  0/0    11:42   0:00   0:04 

3 Stars

1 - Evgeny Kuznetsov (DET)
2 - Erik Karlsson (DET)
3 - Sidney Crosby (DET)

Power Play

DETROIT Red Wings - 3 on 7 Attempt(s) - 42,86%
WINNIPEG Jets - 0 on 3 Attempt(s) - 0,00%

Penalty Kill

DETROIT Red Wings - 3 on 3 Attempt(s) - 100,00% - Score 0 goal in Penalty Kill
WINNIPEG Jets - 4 on 7 Attempt(s) - 57,14% - Score 0 goal in Penalty Kill

Team Stat

DETROIT Red Wings - Hits : 19 - Faceoff Wins : 39 - Blocked Shots : 7 - Penalty Minutes : 6
WINNIPEG Jets - Hits : 15 - Faceoff Wins : 48 - Blocked Shots : 17 - Penalty Minutes : 14

Official

Referees : Unknown
Linesman : Unknown

Game Notes

Petr Mrazek enters game at 9:12 of 2nd period

Finance

Level 1 -- Attendance: 5405 (90,08%) -- Ticket Income 540 500 $
Level 2 -- Attendance: 3795 (75,90%) -- Ticket Income 227 700 $
Level 3 -- Attendance: 1925 (96,25%) -- Ticket Income 67 375 $
Level 4 -- Attendance: 3830 (95,75%) -- Ticket Income 76 600 $
Luxury Box -- Attendance: 831 (83,10%) -- Ticket Income 166 200 $
Game was played at the MTS Centre.
Total Attendance: 15786 (87,70%)
Total Ticket Income: 1 078 375 $
Other Income: 420 566 $
Total Income: 1 498 941 $

DETROIT Red Wings

5 vs 5 Forward 
   Center                   Left Wing                Right Wing               Time % Phy DF OF 
 1 Sidney Crosby            Evgeny Kuznetsov         T.J. Oshie               35     1   1  3  
 2 Ryan O'Reilly            Evander Kane             Alexander Wennberg       30     1   1  3  
 3 Lars Eller               Micheal Ferland          Zach Hyman               25     1   2  2  
 4 Derek MacKenzie          Pierre-Edouard Bellemare Brian Gibbons            10     1   2  2  

5 vs 5 Defense 
   Defense                  Defense                                           Time % Phy DF OF 
 1 Erik Karlsson            Cam Fowler                                        35     1   1  3  
 2 Jeff Petry               Shayne Gostisbehere                               30     1   1  3  
 3 Jan Rutta                Carl Gunnarsson                                   25     1   2  2  
 4 Erik Karlsson            Jeff Petry                                        10     1   2  2  

PowerPlay Forward 
   Center                   Left Wing                Right Wing               Time % Phy DF OF 
 1 Sidney Crosby            Evgeny Kuznetsov         T.J. Oshie               60     0   1  4  
 2 Ryan O'Reilly            Evander Kane             Alexander Wennberg       40     0   1  4  

PowerPlay Defense
   Defense                  Defense                                           Time % Phy DF OF 
 1 Erik Karlsson            Cam Fowler                                        60     0   1  4  
 2 Jeff Petry               Shayne Gostisbehere                               40     0   1  4  

Penalty Kill 4 Players Forward 
   Center                   Wing                     Time % Phy DF OF 
 1 Ryan O'Reilly            Zach Hyman               60     1   3  1  
 2 Derek MacKenzie          Lars Eller               40     1   3  1  

Penalty Kill 4 Players Defense
   Defense                  Defense                  Time % Phy DF OF 
 1 Jeff Petry               Cam Fowler               60     1   3  1  
 2 Jan Rutta                Carl Gunnarsson          40     1   3  1  

Penalty Kill - 3 Players Forward 
   Forward                                           Time % Phy DF OF 
 1 Ryan O'Reilly                                     60     1   4  0  
 2 Lars Eller                                        40     1   4  0  

Penalty Kill - 3 Players Defense
   Defense                  Defense                  Time % Phy DF OF 
 1 Jeff Petry               Cam Fowler               60     1   4  0  
 2 Jan Rutta                Carl Gunnarsson          40     1   4  0  

4 vs 4 Forward 
   Center                   Wing                     Time % Phy DF OF 
 1 Sidney Crosby            Evgeny Kuznetsov         60     1   1  3  
 2 Ryan O'Reilly            T.J. Oshie               40     1   1  3  

4 vs 4 Defense
   Defense                  Defense                  Time % Phy DF OF 
 1 Erik Karlsson            Cam Fowler               60     1   2  2  
 2 Jeff Petry               Shayne Gostisbehere      40     1   2  2  

Last Minutes Offensive
   Center                   Left Wing                Right Wing               Defense                  Defense                  
   Sidney Crosby            Evgeny Kuznetsov         T.J. Oshie               Erik Karlsson            Cam Fowler               

Last Minutes Defensive
   Center                   Left Wing                Right Wing               Defense                  Defense                  
   Ryan O'Reilly            Lars Eller               Zach Hyman               Erik Karlsson            Cam Fowler               

Goaltenders
Starting : Carey Price              
Backup : Aaron Dell               

Extra Forwards
Normal : Micheal Ferland, Zach Hyman, Lars Eller - PP : Micheal Ferland, Zach Hyman - PK : Lars Eller
Extra Defensemen
Normal : Jeff Petry, Shayne Gostisbehere, Erik Karlsson - PP : Erik Karlsson - PK : Jeff Petry, Erik Karlsson
Penalty Shots
Sidney Crosby, Lars Eller, T.J. Oshie, Evander Kane, Evgeny Kuznetsov

WINNIPEG Jets

5 vs 5 Forward 
   Center                   Left Wing                Right Wing               Time % Phy DF OF 
 1 Max Pacioretty           Logan Couture            Nino Niederreiter        40     1   2  2  
 2 Ryan Johansen            Robby Fabbri             Sonny Milano             30     1   2  2  
 3 Derick Brassard          Jordan Martinook         Riley Nash               20     1   2  2  
 4 Andreas Martinsen        Andy Andreoff            Max Pacioretty           10     1   2  2  

5 vs 5 Defense 
   Defense                  Defense                                           Time % Phy DF OF 
 1 Rasmus Ristolainen       Hampus Lindholm                                   40     1   2  2  
 2 Dmitry Orlov             Marco Scandella                                   30     1   2  2  
 3 Steven Santini           Neal Pionk                                        20     1   2  2  
 4 Nathan Beaulieu          Rasmus Ristolainen                                10     1   2  2  

PowerPlay Forward 
   Center                   Left Wing                Right Wing               Time % Phy DF OF 
 1 Logan Couture            Derick Brassard          Nino Niederreiter        60     1   2  2  
 2 Ryan Johansen            Jordan Martinook         Riley Nash               40     1   2  2  

PowerPlay Defense
   Defense                  Defense                                           Time % Phy DF OF 
 1 Rasmus Ristolainen       Hampus Lindholm                                   60     1   2  2  
 2 Dmitry Orlov             Marco Scandella                                   40     1   2  2  

Penalty Kill 4 Players Forward 
   Center                   Wing                     Time % Phy DF OF 
 1 Nino Niederreiter        Logan Couture            60     1   2  2  
 2 Ryan Johansen            Derick Brassard          40     1   2  2  

Penalty Kill 4 Players Defense
   Defense                  Defense                  Time % Phy DF OF 
 1 Rasmus Ristolainen       Hampus Lindholm          60     1   2  2  
 2 Dmitry Orlov             Marco Scandella          40     1   2  2  

Penalty Kill - 3 Players Forward 
   Forward                                           Time % Phy DF OF 
 1 Ryan Johansen                                     60     1   2  2  
 2 Derick Brassard                                   40     1   2  2  

Penalty Kill - 3 Players Defense
   Defense                  Defense                  Time % Phy DF OF 
 1 Rasmus Ristolainen       Hampus Lindholm          60     1   2  2  
 2 Dmitry Orlov             Marco Scandella          40     1   2  2  

4 vs 4 Forward 
   Center                   Wing                     Time % Phy DF OF 
 1 Nino Niederreiter        Logan Couture            60     1   2  2  
 2 Ryan Johansen            Derick Brassard          40     1   2  2  

4 vs 4 Defense
   Defense                  Defense                  Time % Phy DF OF 
 1 Rasmus Ristolainen       Hampus Lindholm          60     1   2  2  
 2 Dmitry Orlov             Marco Scandella          40     1   2  2  

Last Minutes Offensive
   Center                   Left Wing                Right Wing               Defense                  Defense                  
   Max Pacioretty           Logan Couture            Nino Niederreiter        Rasmus Ristolainen       Hampus Lindholm          

Last Minutes Defensive
   Center                   Left Wing                Right Wing               Defense                  Defense                  
   Max Pacioretty           Logan Couture            Nino Niederreiter        Rasmus Ristolainen       Hampus Lindholm          

Goaltenders
Starting : Matt Murray              
Backup : Petr Mrazek              

Extra Forwards
Normal : Robby Fabbri, Andy Andreoff, Sonny Milano - PP : Robby Fabbri, Andy Andreoff - PK : Sonny Milano
Extra Defensemen
Normal : Steven Santini, Neal Pionk, Rasmus Ristolainen - PP : Steven Santini - PK : Neal Pionk, Rasmus Ristolainen
Penalty Shots
Robby Fabbri, Andy Andreoff, Ryan Johansen, Derick Brassard, Nino Niederreiter


% Time on Ice - DETROIT Red Wings

Lines # - Real PCT - Wanted PCT - Time Play
Normal Forward
1 - 35% - 35% - 15:36
2 - 28% - 30% - 12:18
3 - 24% - 25% - 10:39
4 - 13% - 10% - 6:00
Normal Defense
1 - 37% - 35% - 16:20
2 - 30% - 30% - 13:24
3 - 28% - 25% - 12:32
4 - 5% - 10% - 2:17
PP Forward
1 - 54% - 60% - 5:10
2 - 46% - 40% - 4:20
PP Defense
1 - 54% - 60% - 5:10
2 - 46% - 40% - 4:20
PK Forward
1 - 74% - 60% - 4:24
2 - 26% - 40% - 1:33
PK Defense
1 - 50% - 60% - 2:58
2 - 50% - 40% - 2:59
PK3 Forward
1 - 0% - 60%
2 - 0% - 40%
PK3 Defense
1 - 0% - 60%
2 - 0% - 40%
44 Forward
1 - 0% - 60%
2 - 0% - 40%
44 Defense
1 - 0% - 60%
2 - 0% - 40%
Last Minute Offensive  - 0:00
Last Minute Defensive  - 0:00
Total
Forward - 60:00
Defense - 60:00

% Time on Ice - WINNIPEG Jets

Lines # - Real PCT - Wanted PCT - Time Play
Normal Forward
1 - 25% - 40% - 11:05
2 - 31% - 30% - 13:47
3 - 23% - 20% - 10:04
4 - 22% - 10% - 9:37
Normal Defense
1 - 36% - 40% - 15:51
2 - 30% - 30% - 13:31
3 - 26% - 20% - 11:38
4 - 8% - 10% - 3:33
PP Forward
1 - 59% - 60% - 3:29
2 - 41% - 40% - 2:28
PP Defense
1 - 47% - 60% - 2:49
2 - 53% - 40% - 3:08
PK Forward
1 - 72% - 60% - 6:53
2 - 28% - 40% - 2:37
PK Defense
1 - 59% - 60% - 5:35
2 - 41% - 40% - 3:55
PK3 Forward
1 - 0% - 60%
2 - 0% - 40%
PK3 Defense
1 - 0% - 60%
2 - 0% - 40%
44 Forward
1 - 0% - 60%
2 - 0% - 40%
44 Defense
1 - 0% - 60%
2 - 0% - 40%
Last Minute Offensive  - 0:00
Last Minute Defensive  - 0:00
Total
Forward - 60:00
Defense - 60:00

Play-by-Play

1st period


0:01 of 1st period - Sidney Crosby wins face-off versus Max Pacioretty in neutral zone.
0:32 of 1st period - Icing by Cam Fowler.
0:33 of 1st period - Ryan Johansen wins face-off versus Sidney Crosby in DETROIT Red Wings zone.
0:36 of 1st period - Shot by Ryan Johansen.
0:36 of 1st period - Deflect By Robby Fabbri.
0:36 of 1st period - Shot Misses the Net.
0:38 of 1st period - Shot by Robby Fabbri.
0:38 of 1st period - Stopped by Carey Price without a rebound.
0:39 of 1st period - Ryan O'Reilly wins face-off versus Derick Brassard in DETROIT Red Wings zone.
0:48 of 1st period - Shot by Ryan O'Reilly.
0:48 of 1st period - Stopped by Matt Murray without a rebound.
0:49 of 1st period - Ryan Johansen wins face-off versus Lars Eller in WINNIPEG Jets zone.
1:31 of 1st period - Icing by Jan Rutta.
1:32 of 1st period - Andreas Martinsen wins face-off versus Zach Hyman in DETROIT Red Wings zone.
1:55 of 1st period - Icing by Rasmus Ristolainen.
1:56 of 1st period - Ryan O'Reilly wins face-off versus Andreas Martinsen in WINNIPEG Jets zone.
1:56 of 1st period - Ryan O'Reilly is hit by Rasmus Ristolainen.
2:00 of 1st period - Shot by Alexander Wennberg.
2:00 of 1st period - Stopped by Matt Murray without a rebound.
2:01 of 1st period - Derick Brassard wins face-off versus Ryan O'Reilly in WINNIPEG Jets zone.
2:07 of 1st period - Neal Pionk is hit by Evander Kane and loses puck.
2:12 of 1st period - Shot by Jordan Martinook.
2:12 of 1st period - Goal by Jordan Martinook - DETROIT Red Wings : 0 - WINNIPEG Jets : 1.
2:13 of 1st period - Max Pacioretty wins face-off versus Derek MacKenzie in neutral zone.
2:55 of 1st period - Shot by Cam Fowler.
2:55 of 1st period - Shot Misses the Net.
3:18 of 1st period - Shot by Derick Brassard.
3:18 of 1st period - Shot Blocked by Shayne Gostisbehere.
3:36 of 1st period - Shot by Evgeny Kuznetsov.
3:36 of 1st period - Stopped by Matt Murray with a rebound.
3:44 of 1st period - Shot by Evgeny Kuznetsov.
3:44 of 1st period - Shot Misses the Net.
4:03 of 1st period - Shot by Alexander Wennberg.
4:03 of 1st period - Goal by Alexander Wennberg - DETROIT Red Wings : 1 - WINNIPEG Jets : 1.
4:04 of 1st period - Lars Eller wins face-off versus Sonny Milano in neutral zone.
4:08 of 1st period - Cam Fowler is hit by Marco Scandella and loses puck.
4:21 of 1st period - Shot by Ryan Johansen.
4:21 of 1st period - Stopped by Carey Price without a rebound.
4:22 of 1st period - Andreas Martinsen wins face-off versus Ryan O'Reilly in DETROIT Red Wings zone.
4:23 of 1st period - Shot by Max Pacioretty.
4:23 of 1st period - Stopped by Carey Price without a rebound.
4:24 of 1st period - Ryan O'Reilly wins face-off versus Max Pacioretty in DETROIT Red Wings zone.
4:29 of 1st period - Logan Couture is hit by Ryan O'Reilly and loses puck.
5:40 of 1st period - Shot by Sidney Crosby.
5:40 of 1st period - Shot Misses the Net.
6:39 of 1st period - Derick Brassard is hit by Erik Karlsson and loses puck.
7:37 of 1st period - Jeff Petry is hit by Andreas Martinsen and loses puck.
7:47 of 1st period - Shayne Gostisbehere is hit by Nathan Beaulieu and loses puck.
7:57 of 1st period - Andy Andreoff is hit by Evander Kane and loses puck.
8:04 of 1st period - Shot by Ryan O'Reilly.
8:04 of 1st period - Stopped by Matt Murray without a rebound.
8:05 of 1st period - Sidney Crosby wins face-off versus Sonny Milano in WINNIPEG Jets zone.
8:18 of 1st period - Shot by Sidney Crosby.
8:18 of 1st period - Shot Misses the Net.
8:21 of 1st period - Icing by Dmitry Orlov.
8:22 of 1st period - Ryan Johansen wins face-off versus Ryan O'Reilly in WINNIPEG Jets zone.
8:30 of 1st period - Shot by Cam Fowler.
8:30 of 1st period - Shot Blocked by Marco Scandella.
8:32 of 1st period - Shot by Cam Fowler.
8:32 of 1st period - Shot Blocked by Marco Scandella.
8:34 of 1st period - Shot by Cam Fowler.
8:34 of 1st period - Shot Misses the Net.
9:53 of 1st period - Icing by Neal Pionk.
9:54 of 1st period - Lars Eller wins face-off versus Riley Nash in WINNIPEG Jets zone.
9:55 of 1st period - Shot by Zach Hyman.
9:55 of 1st period - Shot Blocked by Jordan Martinook.
10:18 of 1st period - Icing by Derick Brassard.
10:19 of 1st period - Derick Brassard wins face-off versus Ryan O'Reilly in WINNIPEG Jets zone.
10:43 of 1st period - Icing by Cam Fowler.
10:44 of 1st period - Max Pacioretty wins face-off versus Ryan O'Reilly in DETROIT Red Wings zone.
11:23 of 1st period - Erik Karlsson is hit by Rasmus Ristolainen and loses puck.
11:44 of 1st period - Shot by T.J. Oshie.
11:44 of 1st period - Stopped by Matt Murray without a rebound.
11:45 of 1st period - Lars Eller wins face-off versus Ryan Johansen in WINNIPEG Jets zone.
11:57 of 1st period - Icing by Robby Fabbri.
11:58 of 1st period - Ryan Johansen wins face-off versus Sidney Crosby in WINNIPEG Jets zone.
12:23 of 1st period - Shot by T.J. Oshie.
12:23 of 1st period - Shot Blocked by Marco Scandella.
12:34 of 1st period - Minor Penalty to Robby Fabbri for Hooking.
12:35 of 1st period - Ryan O'Reilly wins face-off versus Nino Niederreiter in WINNIPEG Jets zone.
12:38 of 1st period - Shot by Ryan O'Reilly.
12:38 of 1st period - Shot Blocked by Rasmus Ristolainen.
12:50 of 1st period - Shot by Ryan O'Reilly.
12:50 of 1st period - Deflect By Alexander Wennberg.
12:50 of 1st period - Shot Misses the Net.
13:06 of 1st period - Off-side.
13:07 of 1st period - Sidney Crosby wins face-off versus Nino Niederreiter in neutral zone.
13:20 of 1st period - Shot by Shayne Gostisbehere.
13:20 of 1st period - Shot Misses the Net.
13:22 of 1st period - Shot by Shayne Gostisbehere.
13:22 of 1st period - Deflect By Evgeny Kuznetsov.
13:22 of 1st period - Shot Misses the Net.
13:24 of 1st period - Shot by Shayne Gostisbehere.
13:24 of 1st period - Shot Blocked by Marco Scandella.
13:26 of 1st period - Shot by Sidney Crosby.
13:26 of 1st period - Stopped by Matt Murray without a rebound.
13:27 of 1st period - Ryan Johansen wins face-off versus Ryan O'Reilly in WINNIPEG Jets zone.
13:41 of 1st period - Off-side.
13:42 of 1st period - Sidney Crosby wins face-off versus Ryan Johansen in neutral zone.
13:47 of 1st period - Shot by Evgeny Kuznetsov.
13:47 of 1st period - Goal by Evgeny Kuznetsov - DETROIT Red Wings : 2 - WINNIPEG Jets : 1.
13:48 of 1st period - Lars Eller wins face-off versus Ryan Johansen in neutral zone.
14:54 of 1st period - Marco Scandella is hit by T.J. Oshie and loses puck.
15:53 of 1st period - Off-side.
15:54 of 1st period - Ryan O'Reilly wins face-off versus Derick Brassard in neutral zone.
16:03 of 1st period - Shot by Alexander Wennberg.
16:03 of 1st period - Stopped by Matt Murray without a rebound.
16:04 of 1st period - Derick Brassard wins face-off versus Ryan O'Reilly in WINNIPEG Jets zone.
16:08 of 1st period - Off-side.
16:09 of 1st period - Ryan Johansen wins face-off versus Evander Kane in neutral zone.
16:16 of 1st period - Shot by Ryan Johansen.
16:16 of 1st period - Stopped by Carey Price with a rebound.
16:26 of 1st period - Minor Penalty to Rasmus Ristolainen for Roughing.
16:27 of 1st period - Nino Niederreiter wins face-off versus Sidney Crosby in WINNIPEG Jets zone.
16:33 of 1st period - Icing by Cam Fowler.
16:34 of 1st period - Sidney Crosby wins face-off versus Nino Niederreiter in DETROIT Red Wings zone.
16:41 of 1st period - Shot by Erik Karlsson.
16:41 of 1st period - Goal by Erik Karlsson - DETROIT Red Wings : 3 - WINNIPEG Jets : 1.
16:42 of 1st period - Ryan O'Reilly wins face-off versus Andreas Martinsen in neutral zone.
16:58 of 1st period - Shot by Max Pacioretty.
16:58 of 1st period - Shot Blocked by Alexander Wennberg.
17:23 of 1st period - Icing by Rasmus Ristolainen.
17:24 of 1st period - Andreas Martinsen wins face-off versus Sidney Crosby in WINNIPEG Jets zone.
17:26 of 1st period - Icing by Rasmus Ristolainen.
17:27 of 1st period - Andreas Martinsen wins face-off versus Sidney Crosby in WINNIPEG Jets zone.
17:27 of 1st period - Andreas Martinsen is hit by Evgeny Kuznetsov.
17:40 of 1st period - Max Pacioretty is hit by Carl Gunnarsson and loses puck.
18:10 of 1st period - Off-side.
18:11 of 1st period - Derick Brassard wins face-off versus Lars Eller in neutral zone.
19:35 of 1st period - Shot by Logan Couture.
19:35 of 1st period - Stopped by Carey Price without a rebound.
19:36 of 1st period - Ryan Johansen wins face-off versus Sidney Crosby in DETROIT Red Wings zone.
19:43 of 1st period - Shot by Ryan Johansen.
19:43 of 1st period - Shot Misses the Net.
Goals for this period are 3 for DETROIT Red Wings vs 1 for WINNIPEG Jets.
Shots for this period are 10 for DETROIT Red Wings vs 6 for WINNIPEG Jets.

2nd period


0:01 of 2nd period - Max Pacioretty wins face-off versus Sidney Crosby in neutral zone.
0:12 of 2nd period - Shot by Max Pacioretty.
0:12 of 2nd period - Shot Misses the Net.
0:16 of 2nd period - Shot by Logan Couture.
0:16 of 2nd period - Stopped by Carey Price with a rebound.
0:20 of 2nd period - Shot by Logan Couture.
0:20 of 2nd period - Shot Misses the Net.
0:29 of 2nd period - Max Pacioretty is hit by Erik Karlsson and loses puck.
0:40 of 2nd period - Shot by Max Pacioretty.
0:40 of 2nd period - Shot Misses the Net.
0:42 of 2nd period - Shot by Hampus Lindholm.
0:42 of 2nd period - Goal by Hampus Lindholm - DETROIT Red Wings : 3 - WINNIPEG Jets : 2.
0:43 of 2nd period - Robby Fabbri wins face-off versus Lars Eller in neutral zone.
0:49 of 2nd period - Shot by Sonny Milano.
0:49 of 2nd period - Stopped by Carey Price without a rebound.
0:50 of 2nd period - Ryan Johansen wins face-off versus Lars Eller in DETROIT Red Wings zone.
0:59 of 2nd period - Shot by Robby Fabbri.
0:59 of 2nd period - Shot Misses the Net.
1:07 of 2nd period - Shot by Ryan Johansen.
1:07 of 2nd period - Stopped by Carey Price with a rebound.
1:09 of 2nd period - Shot by Ryan Johansen.
1:09 of 2nd period - Stopped by Carey Price without a rebound.
1:10 of 2nd period - Ryan O'Reilly wins face-off versus Max Pacioretty in DETROIT Red Wings zone.
1:12 of 2nd period - Icing by Erik Karlsson.
1:13 of 2nd period - Evander Kane wins face-off versus Max Pacioretty in DETROIT Red Wings zone.
1:45 of 2nd period - Shot by Nino Niederreiter.
1:45 of 2nd period - Stopped by Carey Price without a rebound.
1:46 of 2nd period - Sidney Crosby wins face-off versus Ryan Johansen in DETROIT Red Wings zone.
1:46 of 2nd period - T.J. Oshie is hit by Robby Fabbri and loses puck.
2:05 of 2nd period - Robby Fabbri is hit by Shayne Gostisbehere and loses puck.
2:12 of 2nd period - Shot by Ryan Johansen.
2:12 of 2nd period - Stopped by Carey Price without a rebound.
2:13 of 2nd period - Max Pacioretty wins face-off versus Lars Eller in DETROIT Red Wings zone.
2:29 of 2nd period - Shot by Lars Eller.
2:29 of 2nd period - Shot Misses the Net.
2:31 of 2nd period - Shot by Carl Gunnarsson.
2:31 of 2nd period - Shot Misses the Net.
2:33 of 2nd period - Shot by Zach Hyman.
2:33 of 2nd period - Shot Misses the Net.
2:37 of 2nd period - Shot by Zach Hyman.
2:37 of 2nd period - Shot Misses the Net.
2:39 of 2nd period - Shot by Lars Eller.
2:39 of 2nd period - Shot Misses the Net.
2:45 of 2nd period - Shot by Micheal Ferland.
2:45 of 2nd period - Stopped by Matt Murray without a rebound.
2:46 of 2nd period - Derick Brassard wins face-off versus Pierre-Edouard Bellemare in WINNIPEG Jets zone.
3:13 of 2nd period - Shot by Pierre-Edouard Bellemare.
3:13 of 2nd period - Shot Misses the Net.
3:15 of 2nd period - Shot by Derek MacKenzie.
3:15 of 2nd period - Shot Blocked by Marco Scandella.
3:19 of 2nd period - Shot by Pierre-Edouard Bellemare.
3:19 of 2nd period - Shot Misses the Net.
3:21 of 2nd period - Shot by Pierre-Edouard Bellemare.
3:21 of 2nd period - Deflect By Brian Gibbons.
3:21 of 2nd period - Goal by Brian Gibbons - DETROIT Red Wings : 4 - WINNIPEG Jets : 2.
3:22 of 2nd period - Max Pacioretty wins face-off versus Sidney Crosby in neutral zone.
3:22 of 2nd period - Max Pacioretty is hit by Evgeny Kuznetsov.
3:25 of 2nd period - Minor Penalty to T.J. Oshie for Interference.
3:26 of 2nd period - Ryan O'Reilly wins face-off versus Logan Couture in DETROIT Red Wings zone.
4:08 of 2nd period - Icing by Logan Couture.
4:09 of 2nd period - Ryan O'Reilly wins face-off versus Logan Couture in WINNIPEG Jets zone.
4:44 of 2nd period - Zach Hyman is hit by Jordan Martinook and loses puck.
6:39 of 2nd period - Shot by Brian Gibbons.
6:39 of 2nd period - Deflect By Pierre-Edouard Bellemare.
6:39 of 2nd period - Shot Blocked by Neal Pionk.
6:41 of 2nd period - Shot by Pierre-Edouard Bellemare.
6:41 of 2nd period - Stopped by Matt Murray with a rebound.
7:02 of 2nd period - Brian Gibbons is hit by Steven Santini and loses puck.
8:16 of 2nd period - Icing by Hampus Lindholm.
8:17 of 2nd period - Ryan Johansen wins face-off versus T.J. Oshie in WINNIPEG Jets zone.
8:39 of 2nd period - Shot by Evgeny Kuznetsov.
8:39 of 2nd period - Stopped by Matt Murray without a rebound.
8:40 of 2nd period - Pierre-Edouard Bellemare wins face-off versus Derick Brassard in WINNIPEG Jets zone.
8:47 of 2nd period - Shot by Brian Gibbons.
8:47 of 2nd period - Shot Blocked by Marco Scandella.
9:06 of 2nd period - Minor Penalty to Marco Scandella for Hooking.
9:07 of 2nd period - Sidney Crosby wins face-off versus Nino Niederreiter in WINNIPEG Jets zone.
9:10 of 2nd period - Shot by T.J. Oshie.
9:10 of 2nd period - Stopped by Matt Murray with a rebound.
9:12 of 2nd period - Shot by T.J. Oshie.
9:12 of 2nd period - Goal by T.J. Oshie - DETROIT Red Wings : 5 - WINNIPEG Jets : 2.
9:12 of 2nd period - Petr Mrazek enters game.
9:13 of 2nd period - Derick Brassard wins face-off versus Ryan O'Reilly in neutral zone.
9:13 of 2nd period - Minor Penalty to Alexander Wennberg for Interference.
9:14 of 2nd period - Logan Couture wins face-off versus Ryan O'Reilly in DETROIT Red Wings zone.
9:29 of 2nd period - Shot by Logan Couture.
9:29 of 2nd period - Stopped by Carey Price without a rebound.
9:30 of 2nd period - Ryan O'Reilly wins face-off versus Ryan Johansen in DETROIT Red Wings zone.
9:30 of 2nd period - Ryan O'Reilly is hit by Jordan Martinook.
9:42 of 2nd period - Shot by Ryan O'Reilly.
9:42 of 2nd period - Shot Misses the Net.
9:49 of 2nd period - Off-side.
9:50 of 2nd period - Logan Couture wins face-off versus Ryan O'Reilly in neutral zone.
10:13 of 2nd period - Shot by Nino Niederreiter.
10:13 of 2nd period - Stopped by Carey Price with a rebound.
10:51 of 2nd period - Shot by Rasmus Ristolainen.
10:51 of 2nd period - Stopped by Carey Price with a rebound.
10:53 of 2nd period - Shot by Hampus Lindholm.
10:53 of 2nd period - Shot Misses the Net.
10:55 of 2nd period - Shot by Rasmus Ristolainen.
10:55 of 2nd period - Stopped by Carey Price with a rebound.
10:57 of 2nd period - Shot by Rasmus Ristolainen.
10:57 of 2nd period - Shot Misses the Net.
11:04 of 2nd period - Shot by Ryan Johansen.
11:04 of 2nd period - Stopped by Carey Price without a rebound.
11:05 of 2nd period - Ryan Johansen wins face-off versus Ryan O'Reilly in DETROIT Red Wings zone.
11:06 of 2nd period - Shot by Rasmus Ristolainen.
11:06 of 2nd period - Shot Blocked by Jan Rutta.
11:08 of 2nd period - Shot by Rasmus Ristolainen.
11:08 of 2nd period - Shot Blocked by Jan Rutta.
11:12 of 2nd period - Shot by Ryan Johansen.
11:12 of 2nd period - Shot Misses the Net.
11:36 of 2nd period - Shot by Evgeny Kuznetsov.
11:36 of 2nd period - Deflect By Sidney Crosby.
11:36 of 2nd period - Stopped by Petr Mrazek with a rebound.
11:38 of 2nd period - Shot by Cam Fowler.
11:38 of 2nd period - Shot Misses the Net.
11:46 of 2nd period - Shot by Sidney Crosby.
11:46 of 2nd period - Shot Blocked by Neal Pionk.
11:52 of 2nd period - Shot by Sidney Crosby.
11:52 of 2nd period - Stopped by Petr Mrazek with a rebound.
11:54 of 2nd period - Shot by Cam Fowler.
11:54 of 2nd period - Stopped by Petr Mrazek with a rebound.
12:05 of 2nd period - Off-side.
12:06 of 2nd period - Ryan O'Reilly wins face-off versus Ryan Johansen in neutral zone.
12:36 of 2nd period - Robby Fabbri is hit by Shayne Gostisbehere.
12:50 of 2nd period - Minor Penalty to Rasmus Ristolainen for Hooking.
12:51 of 2nd period - Nino Niederreiter wins face-off versus Sidney Crosby in WINNIPEG Jets zone.
14:51 of 2nd period - Shot by Sidney Crosby.
14:51 of 2nd period - Shot Misses the Net.
15:32 of 2nd period - Rasmus Ristolainen is hit by Jan Rutta and loses puck.
16:00 of 2nd period - Shayne Gostisbehere is hit by Dmitry Orlov and loses puck.
16:20 of 2nd period - Icing by Shayne Gostisbehere.
16:21 of 2nd period - Ryan Johansen wins face-off versus Derek MacKenzie in DETROIT Red Wings zone.
16:21 of 2nd period - Steven Santini is hit by Jeff Petry and loses puck.
16:30 of 2nd period - Shot by Robby Fabbri.
16:30 of 2nd period - Shot Misses the Net.
16:32 of 2nd period - Shot by Robby Fabbri.
16:32 of 2nd period - Stopped by Carey Price without a rebound.
16:33 of 2nd period - Ryan O'Reilly wins face-off versus Max Pacioretty in DETROIT Red Wings zone.
16:52 of 2nd period - Shot by Erik Karlsson.
16:52 of 2nd period - Stopped by Petr Mrazek without a rebound.
16:53 of 2nd period - Ryan Johansen wins face-off versus Sidney Crosby in WINNIPEG Jets zone.
18:56 of 2nd period - Icing by Jeff Petry.
18:57 of 2nd period - Max Pacioretty wins face-off versus Lars Eller in DETROIT Red Wings zone.
18:57 of 2nd period - Logan Couture is hit by Jeff Petry and loses puck.
19:04 of 2nd period - Shot by Jeff Petry.
19:04 of 2nd period - Shot Misses the Net.
19:06 of 2nd period - Shot by Zach Hyman.
19:06 of 2nd period - Stopped by Petr Mrazek without a rebound.
19:07 of 2nd period - Max Pacioretty wins face-off versus Sidney Crosby in WINNIPEG Jets zone.
19:07 of 2nd period - Max Pacioretty is hit by T.J. Oshie.
19:08 of 2nd period - Minor Penalty to T.J. Oshie for Goalie Interference.
19:09 of 2nd period - Logan Couture wins face-off versus Ryan O'Reilly in DETROIT Red Wings zone.
19:39 of 2nd period - Shot by Logan Couture.
19:39 of 2nd period - Shot Blocked by Carl Gunnarsson.
19:41 of 2nd period - Shot by Derick Brassard.
19:41 of 2nd period - Shot Blocked by Carl Gunnarsson.
19:43 of 2nd period - Shot by Logan Couture.
19:43 of 2nd period - Shot Misses the Net.
19:45 of 2nd period - Shot by Marco Scandella.
19:45 of 2nd period - Deflect By Logan Couture.
19:45 of 2nd period - Shot Hit the Post.
Goals for this period are 2 for DETROIT Red Wings vs 1 for WINNIPEG Jets.
Shots for this period are 11 for DETROIT Red Wings vs 13 for WINNIPEG Jets.

3rd period


0:01 of 3rd period - Logan Couture wins face-off versus Ryan O'Reilly in neutral zone.
0:33 of 3rd period - Shot by Nino Niederreiter.
0:33 of 3rd period - Stopped by Carey Price without a rebound.
0:34 of 3rd period - Ryan O'Reilly wins face-off versus Ryan Johansen in DETROIT Red Wings zone.
1:29 of 3rd period - Shot by Sidney Crosby.
1:29 of 3rd period - Shot Blocked by Steven Santini.
2:18 of 3rd period - Minor Penalty to Rasmus Ristolainen for Hooking.
2:19 of 3rd period - Nino Niederreiter wins face-off versus Ryan O'Reilly in WINNIPEG Jets zone.
2:48 of 3rd period - Shot by Alexander Wennberg.
2:48 of 3rd period - Shot Misses the Net.
2:50 of 3rd period - Shot by Evander Kane.
2:50 of 3rd period - Shot Misses the Net.
2:52 of 3rd period - Shot by Jeff Petry.
2:52 of 3rd period - Shot Blocked by Marco Scandella.
2:54 of 3rd period - Shot by Alexander Wennberg.
2:54 of 3rd period - Stopped by Petr Mrazek without a rebound.
2:55 of 3rd period - Nino Niederreiter wins face-off versus Sidney Crosby in WINNIPEG Jets zone.
3:06 of 3rd period - Shot by Cam Fowler.
3:06 of 3rd period - Shot Misses the Net.
3:08 of 3rd period - Shot by T.J. Oshie.
3:08 of 3rd period - Shot Blocked by Hampus Lindholm.
3:10 of 3rd period - Shot by T.J. Oshie.
3:10 of 3rd period - Shot Misses the Net.
3:12 of 3rd period - Shot by Cam Fowler.
3:12 of 3rd period - Shot Misses the Net.
4:12 of 3rd period - Marco Scandella is hit by Evander Kane and loses puck.
4:28 of 3rd period - Jan Rutta is hit by Andy Andreoff and loses puck.
5:21 of 3rd period - Shot by Derek MacKenzie.
5:21 of 3rd period - Shot Blocked by Marco Scandella.
5:22 of 3rd period - Minor Penalty to Marco Scandella for Interference.
5:23 of 3rd period - Ryan O'Reilly wins face-off versus Nino Niederreiter in WINNIPEG Jets zone.
5:23 of 3rd period - Ryan O'Reilly is hit by Rasmus Ristolainen.
5:27 of 3rd period - Shot by Evander Kane.
5:27 of 3rd period - Stopped by Petr Mrazek without a rebound.
5:28 of 3rd period - Sidney Crosby wins face-off versus Nino Niederreiter in WINNIPEG Jets zone.
5:29 of 3rd period - Shot by Evgeny Kuznetsov.
5:29 of 3rd period - Stopped by Petr Mrazek without a rebound.
5:30 of 3rd period - Nino Niederreiter wins face-off versus Sidney Crosby in WINNIPEG Jets zone.
5:38 of 3rd period - Icing by Cam Fowler.
5:39 of 3rd period - Sidney Crosby wins face-off versus Nino Niederreiter in DETROIT Red Wings zone.
6:10 of 3rd period - Shot by Sidney Crosby.
6:10 of 3rd period - Stopped by Petr Mrazek without a rebound.
6:11 of 3rd period - Logan Couture wins face-off versus Ryan O'Reilly in WINNIPEG Jets zone.
7:21 of 3rd period - Shot by Cam Fowler.
7:21 of 3rd period - Shot Misses the Net.
7:23 of 3rd period - Shot by Zach Hyman.
7:23 of 3rd period - Stopped by Petr Mrazek without a rebound.
7:24 of 3rd period - Lars Eller wins face-off versus Ryan Johansen in WINNIPEG Jets zone.
7:27 of 3rd period - Shot by Jan Rutta.
7:27 of 3rd period - Stopped by Petr Mrazek with a rebound.
7:36 of 3rd period - Icing by Marco Scandella.
7:37 of 3rd period - Ryan Johansen wins face-off versus Sidney Crosby in WINNIPEG Jets zone.
7:54 of 3rd period - Shot by Ryan Johansen.
7:54 of 3rd period - Deflect By Robby Fabbri.
7:54 of 3rd period - Stopped by Carey Price without a rebound.
7:55 of 3rd period - Ryan O'Reilly wins face-off versus Derick Brassard in DETROIT Red Wings zone.
8:41 of 3rd period - Shot by Alexander Wennberg.
8:41 of 3rd period - Stopped by Petr Mrazek without a rebound.
8:42 of 3rd period - Max Pacioretty wins face-off versus Sidney Crosby in WINNIPEG Jets zone.
9:22 of 3rd period - Shot by Nino Niederreiter.
9:22 of 3rd period - Shot Misses the Net.
9:24 of 3rd period - Shot by Logan Couture.
9:24 of 3rd period - Shot Misses the Net.
9:54 of 3rd period - Shot by Steven Santini.
9:54 of 3rd period - Stopped by Carey Price with a rebound.
10:44 of 3rd period - Shot by Jordan Martinook.
10:44 of 3rd period - Shot Misses the Net.
10:50 of 3rd period - Hampus Lindholm is hit by Evander Kane.
10:58 of 3rd period - Shot by Riley Nash.
10:58 of 3rd period - Stopped by Carey Price without a rebound.
10:59 of 3rd period - Derek MacKenzie wins face-off versus Max Pacioretty in DETROIT Red Wings zone.
11:06 of 3rd period - Shot by Brian Gibbons.
11:06 of 3rd period - Shot Misses the Net.
11:50 of 3rd period - Sidney Crosby is hit by Nino Niederreiter and loses puck.
12:05 of 3rd period - Shot by Sidney Crosby.
12:05 of 3rd period - Stopped by Petr Mrazek without a rebound.
12:06 of 3rd period - Ryan O'Reilly wins face-off versus Derick Brassard in WINNIPEG Jets zone.
12:09 of 3rd period - Shot by Evander Kane.
12:09 of 3rd period - Deflect By Alexander Wennberg.
12:09 of 3rd period - Stopped by Petr Mrazek with a rebound.
12:11 of 3rd period - Shot by Carl Gunnarsson.
12:11 of 3rd period - Shot Misses the Net.
12:13 of 3rd period - Shot by Jan Rutta.
12:13 of 3rd period - Shot Misses the Net.
12:31 of 3rd period - Shot by Ryan O'Reilly.
12:31 of 3rd period - Stopped by Petr Mrazek without a rebound.
12:31 of 3rd period - Minor Penalty to Petr Mrazek for Slashing.
12:32 of 3rd period - Ryan Johansen wins face-off versus Sidney Crosby in WINNIPEG Jets zone.
13:35 of 3rd period - Ryan O'Reilly is hit by Derick Brassard and loses puck.
14:35 of 3rd period - Shot by Carl Gunnarsson.
14:35 of 3rd period - Stopped by Petr Mrazek with a rebound.
14:37 of 3rd period - Shot by Lars Eller.
14:37 of 3rd period - Deflect By Micheal Ferland.
14:37 of 3rd period - Shot Blocked by Neal Pionk.
14:39 of 3rd period - Shot by Micheal Ferland.
14:39 of 3rd period - Stopped by Petr Mrazek without a rebound.
14:40 of 3rd period - Andreas Martinsen wins face-off versus Lars Eller in WINNIPEG Jets zone.
15:01 of 3rd period - Icing by Steven Santini.
15:02 of 3rd period - Derek MacKenzie wins face-off versus Andy Andreoff in WINNIPEG Jets zone.
15:03 of 3rd period - Shot by Cam Fowler.
15:03 of 3rd period - Shot Blocked by Steven Santini.
15:19 of 3rd period - Icing by Steven Santini.
15:20 of 3rd period - Andreas Martinsen wins face-off versus Sidney Crosby in WINNIPEG Jets zone.
15:32 of 3rd period - Shot by Max Pacioretty.
15:32 of 3rd period - Shot Misses the Net.
16:02 of 3rd period - Shot by T.J. Oshie.
16:02 of 3rd period - Stopped by Petr Mrazek without a rebound.
16:03 of 3rd period - Ryan O'Reilly wins face-off versus Derick Brassard in WINNIPEG Jets zone.
16:07 of 3rd period - Icing by Marco Scandella.
16:08 of 3rd period - Ryan O'Reilly wins face-off versus Derick Brassard in WINNIPEG Jets zone.
16:16 of 3rd period - Derick Brassard is hit by Ryan O'Reilly.
16:18 of 3rd period - Shot by Jordan Martinook.
16:18 of 3rd period - Stopped by Carey Price without a rebound.
16:19 of 3rd period - Max Pacioretty wins face-off versus Lars Eller in DETROIT Red Wings zone.
16:20 of 3rd period - Shot by Hampus Lindholm.
16:20 of 3rd period - Shot Blocked by Cam Fowler.
16:22 of 3rd period - Shot by Nino Niederreiter.
16:22 of 3rd period - Stopped by Carey Price without a rebound.
16:23 of 3rd period - Max Pacioretty wins face-off versus Sidney Crosby in DETROIT Red Wings zone.
16:28 of 3rd period - Shot by Nino Niederreiter.
16:28 of 3rd period - Deflect By Logan Couture.
16:28 of 3rd period - Shot Misses the Net.
16:30 of 3rd period - Shot by Logan Couture.
16:30 of 3rd period - Stopped by Carey Price without a rebound.
16:31 of 3rd period - T.J. Oshie wins face-off versus Max Pacioretty in DETROIT Red Wings zone.
18:01 of 3rd period - Dmitry Orlov is hit by Erik Karlsson and loses puck.
18:16 of 3rd period - Shot by Ryan O'Reilly.
18:16 of 3rd period - Shot Blocked by Dmitry Orlov.
18:26 of 3rd period - Ryan O'Reilly is hit by Robby Fabbri and loses puck.
19:03 of 3rd period - Shot by Derick Brassard.
19:03 of 3rd period - Stopped by Carey Price with a rebound.
19:05 of 3rd period - Shot by Steven Santini.
19:05 of 3rd period - Stopped by Carey Price without a rebound.
19:06 of 3rd period - Max Pacioretty wins face-off versus Derek MacKenzie in DETROIT Red Wings zone.
19:09 of 3rd period - Shot by Logan Couture.
19:09 of 3rd period - Stopped by Carey Price without a rebound.
19:10 of 3rd period - Brian Gibbons wins face-off versus Max Pacioretty in DETROIT Red Wings zone.
19:25 of 3rd period - Icing by Logan Couture.
19:26 of 3rd period - Lars Eller wins face-off versus Max Pacioretty in WINNIPEG Jets zone.
Goals for this period are 0 for DETROIT Red Wings vs 0 for WINNIPEG Jets.
Shots for this period are 13 for DETROIT Red Wings vs 10 for WINNIPEG Jets.